 Dungeon Crawl Stone Soup version 0.29.1-4-g47bece8355 (webtiles) character file.

Game seed: 8404278232952318623

191 ChadusMaximus the Shield-Bearer (level 5, -2/47 HPs)
             Began as a Minotaur Fighter on Dec 11, 2022.
             Slain by a water moccasin (4 damage)
             ... on level 5 of the Dungeon.
             The game lasted 00:02:21 (3495 turns).

ChadusMaximus the Shield-Bearer (Minotaur Fighter)  Turns: 3495, Time: 00:02:22

Health: -2/47      AC: 12    Str: 22    XL:     5   Next: 41%
Magic:  4/4        EV:  7    Int:  5    God:
Gold:   263        SH:  4    Dex: 10    Spells: 4/4 levels left

rFire   . . .      SeeInvis .   a - +0 war axe
rCold   . . .      Faith    .   c - +0 buckler
rNeg    . . .      Spirit   .   f - +0 chain mail
rPois   .          Reflect  .   (helmet restricted)
rElec   .          Harm     .   (no cloak)
rCorr   .          Rampage  .   t - +0 pair of gloves
Will    .....                   l - +0 pair of boots
Stlth   ..........              (no amulet)
HPRegen 0.15/turn               (no ring)
MPRegen 0.09/turn               (no ring)

@: lethally poisoned (-2 -> -8)
A: horns 2, retaliatory headbutt
a: no special abilities


You were on level 5 of the Dungeon.
You visited 1 branch of the dungeon, and saw 5 of its levels.

You collected 263 gold pieces.

Inventory:

Hand Weapons
 a - a +0 war axe (weapon)
Armour
 c - a +0 buckler (worn)
 f - a +0 chain mail (worn)
 l - a +0 pair of boots (worn)
 t - a +0 pair of gloves (worn)
Jewellery
 b - a ring of see invisible
 u - a ring of fire
Wands
 n - a wand of charming (16)
 o - a wand of flame (4)
Scrolls
 e - a scroll of noise {unknown}
 g - 2 scrolls of fog {unknown}
 k - a scroll of blinking {unknown}
 p - 3 scrolls of identify {unknown}
 r - 2 scrolls of enchant weapon {unknown}
 s - a scroll of teleportation {unknown}
Potions
 d - a potion of might
 h - 2 potions of brilliance {unknown}
 i - a potion of curing {unknown}
 j - a potion of heal wounds {unknown}
 m - a potion of attraction {unknown}
 q - 2 potions of ambrosia {unknown}
 v - a potion of haste {unknown}
 w - 3 potions of cancellation {unknown}


   Skills:
 + Level 4.7 Fighting
 + Level 4.1 Axes
 + Level 4.8 Armour
 + Level 4.8 Shields


You had 4 spell levels left.
You didn't know any spells.
Your spell library contained the following spells:

 Spells                   Type           Power      Damage    Failure   Level
 Ensorcelled Hibernation  Hex/Ice        0%         N/A       100%        2
 Spider Form              Tmut/Pois      0%         N/A       100%        3
 Anguish                  Hex/Necr       0%         N/A       100%        4


Dungeon Overview and Level Annotations

Branches:
Dungeon (5/15)
 Temple: D:4-7

Altars:
Qazlal
Ru
Xom
The Shining One

Shops:
D:3 *


Innate Abilities, Weirdness & Mutations

You have a pair of horns on your head.
You reflexively headbutt those who attack you in melee.


Message History

You are poisoned.
The water moccasin poisons you! The water moccasin closely misses you.
You slash the water moccasin! You headbutt the water moccasin.
The water moccasin is severely wounded.
You feel very sick. The water moccasin bites you!
You are lethally poisoned!
The water moccasin poisons you!
The water moccasin bites you but does no damage.
You barely miss the water moccasin.
The water moccasin is severely wounded.
You feel extremely sick.
The water moccasin bites you but does no damage. x2
You closely miss the water moccasin.
Your headbutt misses the water moccasin.
The water moccasin is heavily wounded.
* * * LOW HITPOINT WARNING * * *
You feel very sick.
The water moccasin bites you but does no damage.
You block the water moccasin's attack.
You closely miss the water moccasin.
The water moccasin is heavily wounded.
* * * LOW HITPOINT WARNING * * *
You feel very sick.
The water moccasin bites you but does no damage.
The water moccasin bites you.
* * * LOW HITPOINT WARNING * * *
You hit the water moccasin.
Your headbutt misses the water moccasin.
The water moccasin is severely wounded.
* * * LOW HITPOINT WARNING * * *
You feel very sick.
The water moccasin bites you but does no damage.
You barely miss the water moccasin. You headbutt the water moccasin.
The water moccasin is almost dead.
* * * LOW HITPOINT WARNING * * *
You feel sick.
The water moccasin bites you but does no damage.
The water moccasin bites you.
You die...

.. # #.### ..
#.#. .###.#.
......##
#.....####.#
#..##.......
#....S#### #.
##..##@...#
#.###...#####.#
##.#.....# ..
.....##.## .
###.###.#
#.....# ##..###
#.<# #..#


You could see a water moccasin.

Vanquished Creatures
  An iguana (D:4)
  An orc wizard (D:4)
  5 adders
  A worm (D:2)
  3 orcs (D:4)
  3 ball pythons
  3 bats
  10 endoplasms
  4 giant cockroaches
  12 goblins
  14 hobgoblins
  6 kobolds
  A quokka (D:3)
  5 frilled lizards
  8 rats
77 creatures vanquished.

Vanquished Creatures (others)
  8 plants (D:3)
8 creatures vanquished.

Grand Total: 85 creatures vanquished

Notes
Turn   | Place    | Note
-------+----------+-------------------------------------------
     0 | D:1      | ChadusMaximus the Minotaur Fighter began the quest for the
                  | Orb.
     0 | D:1      | Reached XP level 1. HP: 19/19 MP: 0/0
   375 | D:1      | Reached XP level 2. HP: 27/27 MP: 1/1
   937 | D:2      | Found a faded altar of an unknown god.
   965 | D:2      | Reached XP level 3. HP: 33/33 MP: 2/2
  1919 | D:3      | Found a shimmering altar of Xom.
  2003 | D:3      | Found a glowing golden altar of the Shining One.
  2003 | D:3      | Found a stormy altar of Qazlal.
  2003 | D:3      | Found a sacrificial altar of Ru.
  2049 | D:3      | Reached XP level 4. HP: 40/40 MP: 3/3
  2129 | D:3      | Found Zannof's General Store.
  2140 | D:3      | Identified the +5 scale mail "Tate" {rPois rN++}
  3061 | D:4      | Reached XP level 5. HP: 47/47 MP: 4/4
  3469 | D:5      | Entered Level 5 of the Dungeon
  3487 | D:5      | Noticed a water moccasin
  3495 | D:5      | HP: 2/47 [poisoned by a water moccasin]
  3495 | D:5      | Slain by a water moccasin

Illustrated notes

Levels and vault maps discovered:
D:1:      ncdulo_watergridlock, layout_rooms, reono_crystal_passage
D:2:      layout_basic, chequers_ecumenical_altar_simple_redux,
          minmay_tree_intersection
D:3:      layout_loops_corners, mainiacjoe_overflow_alcove_1,
          gammafunk_temple_overflow_claw, serial_shops, shop_coins,
          serial_bayou_lagoon_b
D:4:      layout_basic, minmay_goblin_kobold_house
D:5:      layout_rooms, gup_sewer_entry_bubbles, uniq_duvessa

Skill      XL: |  1  2  3  4 |
---------------+-------------+-----
Fighting       | 4 |  4.7
Axes           | 3 4 |  4.1
Armour         | 4 |  4.8
Shields        | 4 |  4.8

Action                   |  1- 3 |  4- 6 || total
-------------------------+-------+-------++-------
Melee: War axe           |    87 |    91 ||   178
       Headbutt          |    10 |     5 ||    15
Armor: Scale mail        |     4 |       ||     4
       Chain mail        |    40 |    62 ||   102
Dodge: Dodged            |    35 |    24 ||    59
Block: Buckler           |    15 |    14 ||    29
